 Dungeon Crawl Stone Soup version 0.21.0-3-g78d12a8bdd (webtiles) character file.

695 Rauder the Charmwright (level 7, 0/56 HPs)
             Began as a Gnoll Skald on Jan 16, 2018.
             Slain by a worker ant (2 damage)
             ... on level 6 of the Dungeon.
             The game lasted 00:32:11 (4651 turns).

Rauder the Charmwright (Gnoll Skald)                Turns: 4651, Time: 00:32:11

Health: 0/56       AC:  4    Str: 15    XL:     7   Next: 64%
Magic:  15/15      EV: 15    Int: 15    God:
Gold:   134        SH:  0    Dex: 15    Spells: 11/17 levels left

rFire    . . .     SeeInvis .   a - +0 spear
rCold    . . .     Gourm    .   (no shield)
rNeg     . . .     Faith    .   E - +0 leather armour
rPois    .         Spirit   .   (no helmet)
rElec    .         Reflect  .   y - +0 cloak
rCorr    .         Harm     .   (no gloves)
MR       .....                  (no boots)
Stlth    ++........             (no amulet)
HPRegen  1.18/turn              (no ring)
MPRegen  0.14/turn              (no ring)

@: lethally poisoned (0 -> -4), infused, regenerating (expiring)
A: distributed training, fangs 1, strong nose
a: no special abilities


You were on level 6 of the Dungeon.
You were not hungry.

You visited 1 branch of the dungeon, and saw 6 of its levels.

You collected 134 gold pieces.

Inventory:

Hand Weapons
 a - a +0 spear (weapon)
 b - a +0 shortbow
 f - a +0 blowgun
 m - a +0 spear
 p - a +0 hand axe
 v - a +0 short sword
 A - a +1 short sword of speed
 B - a +0 whip of electrocution
Missiles
 g - 135 stones (quivered)
 h - 69 arrows
 F - 28 bolts
Armour
 i - a +1 chain mail
 y - a +0 cloak (worn)
 z - a +0 chain mail
 D - a +0 scale mail
 E - a +0 leather armour (worn)
Magical Staves
 G - an uncursed staff of conjuration {unknown}
Jewellery
 e - a cursed -2 ring of dexterity {unknown}
 j - a +6 ring of protection {unknown}
 k - a +4 ring of strength {unknown}
 t - an uncursed ring of resist corrosion {unknown}
 w - an uncursed ring of fire {unknown}
Wands
 n - a wand of acid (10)
Scrolls
 r - a scroll of enchant armour
Potions
 l - a potion of haste {unknown}
 q - a potion of magic
 s - a potion of lignification {unknown}
 u - 2 potions of agility {unknown}
 x - a potion of mutation {unknown}
 C - 3 potions of degeneration {unknown}
Books
 c - a book of Battle

   Spells                             Type                      Level
   a - Infusion                       Charms                       1
   b - Shroud of Golubria             Charms/Translocation         2
   c - Song of Slaying                Charms                       2
   d - Spectral Weapon                Hexes/Charms                 3
   e - Regeneration                   Charms/Necromancy            3
Comestibles
 d - 16 rations
 H - 2 chunks of flesh


   Skills:
 + Level 5.3 Fighting
 + Level 2.5 Short Blades
 + Level 2.5 Long Blades
 + Level 2.5 Axes
 + Level 2.5 Maces & Flails
 + Level 5.3 Polearms
 + Level 2.5 Staves
 + Level 2.5 Slings
 + Level 2.5 Bows
 + Level 2.5 Crossbows
 + Level 2.5 Throwing
 + Level 3.7 Armour
 + Level 5.3 Dodging
 + Level 2.5 Stealth
 + Level 2.5 Shields
 + Level 2.5 Unarmed Combat
 + Level 5.6 Spellcasting
 + Level 2.1 Conjurations
 + Level 2.1 Hexes
 + Level 5.8 Charms
 + Level 2.1 Summonings
 + Level 2.1 Necromancy
 + Level 2.1 Translocations
 + Level 2.1 Transmutations
 + Level 2.1 Fire Magic
 + Level 2.1 Ice Magic
 + Level 2.1 Air Magic
 + Level 2.1 Earth Magic
 + Level 2.1 Poison Magic
 + Level 2.8 Invocations
 + Level 2.5 Evocations


You had 11 spell levels left.
You knew the following spells:

 Your Spells              Type           Power        Failure   Level  Hunger
a - Infusion              Chrm           ###.         1%          1    None
b - Song of Slaying       Chrm           ###.....     2%          2    #......
c - Regeneration          Chrm/Necr      ###.......   11%         3    ###....


Dungeon Overview and Level Annotations

Branches:
Dungeon (6/15)
 Temple: D:4-7

Altars:
Nemelex Xobeh
Xom

Annotations:
D:4 Livsi's ghost, novice HuFi
D:5 Eustachio


Innate Abilities, Weirdness & Mutations

Your experience applies equally to all skills.
You have very sharp teeth.
Your uncanny sense of smell can sniff out nearby items.


Message History

The hound bites you but does no damage. The worker ant closely misses you.
The hound completely misses you.
You barely miss the worker ant.
Your skin is crawling a little less now.
You feel sick. The worker ant bites you.
* * * LOW HITPOINT WARNING * * *
You are more poisoned.
The worker ant poisons you! The hound closely misses you.
You closely miss the worker ant.
You feel sick. The worker ant closely misses you. The hound misses you.
You hit the worker ant.
The worker ant is moderately wounded.
You feel sick. The worker ant bites you.
* * * LOW HITPOINT WARNING * * *
You are lethally poisoned!
The worker ant poisons you! The hound barely misses you.
It was a potion of magic.
Magic courses through your body.
* * * LOW HITPOINT WARNING * * *
You feel sick. The hound barely misses you. The worker ant bites you.
You die...

#..
∆
#..
...
#.#
#.#
#l#
#a#
#@#
#h#
#.#
..#
###


You could see a hound, a worker ant and a leopard gecko.

Vanquished Creatures
  A centaur (D:5)
  2 ogres
  A jelly (D:5)
  2 orc priests (D:4)
  Jessica (D:2)
  2 worker ants (D:4)
  14 adders
  A howler monkey skeleton (D:4)
  An adder zombie (D:4)
  7 worms
  4 dart slugs
  3 leopard geckos
  15 orcs
  8 bats
  4 giant cockroaches
  7 goblins
  8 hobgoblins
  20 jackals
  A quokka (D:4)
  2 ball pythons
  7 frilled lizards
  6 kobolds
  A rat (D:1)
118 creatures vanquished.

Notes
Turn   | Place    | Note
-------+----------+-------------------------------------------
     0 | D:1      | Rauder the Gnoll Skald began the quest for the Orb.
     0 | D:1      | Reached XP level 1. HP: 20/20 MP: 6/6
   138 | D:1      | Reached XP level 2. HP: 20/26 MP: 7/7
   413 | D:1      | Reached XP level 3. HP: 31/31 MP: 9/9
   464 | D:1      | Reached skill level 5 in Spellcasting
   576 | D:1      | Learned a level 2 spell: Song of Slaying
   580 | D:1      | Learned a level 3 spell: Regeneration
  1012 | D:2      | Reached skill level 1 in Invocations
  1172 | D:2      | Reached skill level 1 in Short Blades
  1172 | D:2      | Reached skill level 1 in Long Blades
  1172 | D:2      | Reached skill level 1 in Axes
  1172 | D:2      | Reached skill level 1 in Maces & Flails
  1172 | D:2      | Reached skill level 1 in Staves
  1172 | D:2      | Reached skill level 1 in Slings
  1172 | D:2      | Reached skill level 1 in Bows
  1172 | D:2      | Reached skill level 1 in Crossbows
  1172 | D:2      | Reached skill level 1 in Throwing
  1172 | D:2      | Reached skill level 1 in Stealth
  1172 | D:2      | Reached skill level 1 in Shields
  1172 | D:2      | Reached skill level 1 in Unarmed Combat
  1172 | D:2      | Reached skill level 1 in Evocations
  1292 | D:2      | Reached XP level 4. HP: 38/38 MP: 11/11
  1420 | D:2      | Noticed an ogre
  1513 | D:2      | Killed an ogre
  1513 | D:2      | Reached skill level 1 in Conjurations
  1513 | D:2      | Reached skill level 1 in Hexes
  1513 | D:2      | Reached skill level 1 in Summonings
  1513 | D:2      | Reached skill level 1 in Necromancy
  1513 | D:2      | Reached skill level 1 in Translocations
  1513 | D:2      | Reached skill level 1 in Transmutations
  1513 | D:2      | Reached skill level 1 in Fire Magic
  1513 | D:2      | Reached skill level 1 in Ice Magic
  1513 | D:2      | Reached skill level 1 in Air Magic
  1513 | D:2      | Reached skill level 1 in Earth Magic
  1513 | D:2      | Reached skill level 1 in Poison Magic
  1513 | D:2      | Reached XP level 5. HP: 43/43 MP: 7/12
  1805 | D:2      | Noticed Jessica
  1853 | D:2      | Killed Jessica
  2049 | D:2      | Reached XP level 6. HP: 50/50 MP: 9/13
  2744 | D:3      | Found a shimmering altar of Xom.
  3166 | D:4      | Reached skill level 5 in Fighting
  3166 | D:4      | Reached skill level 5 in Polearms
  3166 | D:4      | Reached skill level 5 in Dodging
  3175 | D:4      | Noticed Livsi's ghost (novice HuFi)
  3962 | D:4      | Found a sparkling altar of Nemelex Xobeh.
  4118 | D:4      | Reached XP level 7. HP: 31/56 MP: 6/15
  4308 | D:5      | Entered Level 5 of the Dungeon
  4615 | D:5      | Noticed Eustachio
  4651 | D:6      | HP: 2/56 [poisoned by a worker ant]
  4651 | D:6      | Slain by a worker ant

Skill      XL: |  1  2  3  4  5  6  7 |
---------------+----------------------+-----
Spellcasting   | 5 |  5.6
Invocations    | 1 2 |  2.8
Short Blades   | 1 2 |  2.5
Long Blades    | 1 2 |  2.5
Axes           | 1 2 |  2.5
Maces & Flails | 1 2 |  2.5
Staves         | 1 2 |  2.5
Slings         | 1 2 |  2.5
Bows           | 1 2 |  2.5
Crossbows      | 1 2 |  2.5
Throwing       | 1 2 |  2.5
Stealth        | 1 2 |  2.5
Shields        | 1 2 |  2.5
Unarmed Combat | 1 2 |  2.5
Evocations     | 1 2 |  2.5
Armour         | 3 |  3.7
Conjurations   | 1 2 |  2.1
Hexes          | 1 2 |  2.1
Summonings     | 1 2 |  2.1
Necromancy     | 1 2 |  2.1
Translocations | 1 2 |  2.1
Transmutations | 1 2 |  2.1
Fire Magic     | 1 2 |  2.1
Ice Magic      | 1 2 |  2.1
Air Magic      | 1 2 |  2.1
Earth Magic    | 1 2 |  2.1
Poison Magic   | 1 2 |  2.1
Fighting       | 5 |  5.3
Polearms       | 5 |  5.3
Dodging        | 5 |  5.3
Charms         | |  5.8

Action                   |  1- 3 |  4- 6 |  7- 9 || total
-------------------------+-------+-------+-------++-------
Melee: Spear             |   141 |   336 |    63 ||   540
       Bite              |    11 |    27 |    12 ||    50
       Punch             |       |     4 |       ||     4
 Fire: Shortbow          |       |       |    11 ||    11
Throw: Stone             |       |    10 |     1 ||    11
 Cast: Infusion          |     3 |    16 |     2 ||    21
       Regeneration      |     1 |     7 |     4 ||    12
       Song of Slaying   |     1 |     4 |     1 ||     6
  Use: Scroll            |       |     2 |     2 ||     4
       Potion            |       |       |     1 ||     1
 Stab: Sleeping          |     1 |     2 |       ||     3
  Eat: Chunk             |     1 |    11 |     2 ||    14
Armor: Leather armour    |    22 |    27 |    10 ||    59
       Chain mail        |       |    42 |       ||    42
Dodge: Dodged            |    61 |   141 |    63 ||   265
